 Dungeon Crawl Stone Soup version 0.26-a0-665-gefeb406119 (webtiles) character file.

Game seed: 9711575114611783433

2025 jasper the Slicer (level 9, -4/79 HPs)
             Began as a Palentonga Fighter on Oct 13, 2020.
             Slain by an orc warrior
             ... wielding a +0 halberd
              (23 damage)
             ... on level 7 of the Dungeon.
             The game lasted 00:08:00 (5949 turns).

jasper the Slicer (Palentonga Fighter)              Turns: 5949, Time: 00:08:00

Health: -4/79      AC: 12    Str: 20    XL:     9   Next: 3%
Magic:  9/9        EV:  6    Int:  8    God:
Gold:   219        SH: 10    Dex: 13    Spells: 8/8 levels left

rFire    x . .     SeeInvis +   E - +0 dagger (drain)
rCold    + + .     Faith    .   c - +0 kite shield
rNeg     + . .     Spirit   .   g - +0 ice dragon scales
rPois    .         Reflect  .   m - +2 hat
rElec    .         Harm     .   (no cloak)
rCorr    .         Rampage  .   B - +0 pair of gloves
MR       .....                  (no barding)
Stlth    ..........             p - amulet of the acrobat
HPRegen  0.23/turn              C - ring of positive energy
MPRegen  0.11/turn              (no ring)

@: no status effects
A: large, rugged brown scales 3, see invisible, deformed body, roll, armoured
tail
a: Rolling Charge


You were on level 7 of the Dungeon.
You visited 1 branch of the dungeon, and saw 7 of its levels.

You collected 219 gold pieces.

Inventory:

Hand Weapons
 a - a +0 rapier
 E - a +0 dagger of draining (weapon)
Missiles
 i - 176 stones (quivered)
Armour
 b - a +0 scale mail
 c - a +0 kite shield (worn)
 g - +0 ice dragon scales (worn)
 m - a +2 hat (worn)
 s - a +0 tower shield
 z - a +0 buckler
 B - a +0 pair of gloves (worn)
Jewellery
 p - an amulet of the acrobat (around neck)
 r - a +6 ring of intelligence
 t - an uncursed ring of stealth
 C - a ring of positive energy (left hand)
Scrolls
 f - 2 scrolls of teleportation
 h - 2 scrolls of amnesia
 k - a scroll of fear
 l - 3 scrolls of immolation
 n - a scroll of remove curse
 o - a scroll of summoning {unknown}
 q - 2 scrolls of blinking {unknown}
 u - a scroll of magic mapping {unknown}
 w - 6 scrolls of enchant weapon {unknown}
 y - a scroll of vulnerability {unknown}
Potions
 d - a potion of magic
 e - 3 potions of flight
 j - a potion of haste {unknown}
 v - 3 potions of heal wounds {unknown}
 x - a potion of cancellation
 A - a potion of stabbing
 D - a potion of brilliance {unknown}
 F - a potion of degeneration {unknown}


   Skills:
 + Level 5.0 Fighting
 - Level 8.0 Short Blades
 - Level 0.2 Throwing
 + Level 5.0 Armour
 - Level 1.0 Dodging
 + Level 1.6 Stealth
 * Level 4.8 Shields


You had 8 spell levels left.
You didn't know any spells.
Your spell library was empty.

Dungeon Overview and Level Annotations

Branches:
Dungeon (7/15)
 Temple: D:4-7

Altars:
Ashenzari
Gozag
Nemelex Xobeh
Okawaru
Qazlal

Shops:
D:4 ?

Annotations:
D:4 Grinder


Innate Abilities, Weirdness & Mutations

You are completely covered in rugged brown scales. (AC +3, +7% HP)
You have supernaturally acute eyesight. (SInv)
Armour fits poorly on your strangely shaped body.
You can roll at foes to attack.
You have a long armoured tail.


Message History

You take 2 damage, and have 48/79 hp.
You barely miss the orc.
Your tail-slap misses the orc.
The orc is moderately wounded.
The orc hits you but does no damage.
The orc warrior hits you from afar with a +0 halberd!
You take 13 damage, and have 35/79 hp.
You are too injured to fight recklessly!
You are too injured to fight recklessly!
You sense an unholy aura.
E - a +0 dagger of draining (weapon)
The orc warrior hits you with a +0 halberd!
* * * LOW HITPOINT WARNING * * *
Items here: )) [[[ †††.
You take 16 damage, and have 19/79 hp.
MASSIVE DAMAGE!!
You barely miss the orc warrior.
You tail-slap the orc warrior, but do no damage.
The orc warrior is moderately wounded.
You block the orc's attack.
The orc warrior hits you with a +0 halberd!!
You die...

#.. #.# ########.## .#..
..........# #....##.
..........###... ... ..
..............####.#####.#
..........##.....#........
........o.#..............#
.........@o...............
##########................
#........<.......
#................
#................
#................
##..............#
##.....##......#
#...############


You could see an orc warrior and an orc.

Vanquished Creatures
  Pikel (D:6)
  Prince Ribbit (D:5)
  A black bear (D:6)
  An orc warrior (D:6)
  2 ogres
  2 bullfrogs (D:6)
  A scorpion (D:6)
  5 wights (D:6)
  A howler monkey (D:6)
  A centaur zombie (D:7)
  An orc priest (D:6)
  3 hounds
  A gnoll shaman (D:4)
  4 orc wizards (D:6)
  A bullfrog skeleton (D:6)
  An iguana (D:5)
  3 worker ants
  A worker ant zombie (D:5)
  5 gnolls (D:4)
  5 adders
  A white imp (D:6)
  2 oozes (D:1)
  3 worms
  4 dart slugs
  3 leopard geckos
  14 orcs
  5 giant cockroaches
  5 goblins
  7 hobgoblins
  22 jackals
  4 kobolds
  A quokka (D:6)
  6 bats
  3 frilled lizards
  8 rats
  A bush (D:3)
130 creatures vanquished.

Vanquished Creatures (others)
  A plant (D:3)
1 creature vanquished.

Grand Total: 131 creatures vanquished

Notes
Turn   | Place    | Note
-------+----------+-------------------------------------------
     0 | D:1      | jasper the Palentonga Fighter began the quest for the Orb.
     0 | D:1      | Reached XP level 1. HP: 20/20 MP: 1/1
    83 | D:1      | Reached XP level 2. HP: 21/27 MP: 2/2
   718 | D:1      | Reached XP level 3. HP: 30/33 MP: 3/3
  1093 | D:2      | Reached skill level 3 in Short Blades
  1194 | D:2      | Reached XP level 4. HP: 29/40 MP: 4/4
  1399 | D:2      | Reached skill level 4 in Short Blades
  1399 | D:2      | Reached XP level 5. HP: 43/48 MP: 5/5
  1864 | D:2      | Found a stormy altar of Qazlal.
  2161 | D:3      | Found an iron altar of Okawaru.
  2439 | D:3      | Found an opulent altar of Gozag.
  2582 | D:3      | Found a faded altar of an unknown god.
  2828 | D:4      | Found Yjyetz's Magic Scroll Boutique.
  2865 | D:4      | Reached XP level 6. HP: 28/54 MP: 6/6
  3053 | D:4      | Reached skill level 5 in Short Blades
  3529 | D:4      | Noticed Grinder
  3548 | D:5      | Entered Level 5 of the Dungeon
  3619 | D:5      | Noticed Prince Ribbit
  3739 | D:5      | Killed Prince Ribbit
  3739 | D:5      | Reached skill level 6 in Short Blades
  3739 | D:5      | Reached XP level 7. HP: 51/62 MP: 7/7
  4326 | D:6      | Noticed Pikel
  4355 | D:6      | Killed Pikel
  4355 | D:6      | Reached skill level 7 in Short Blades
  4355 | D:6      | Reached XP level 8. HP: 59/70 MP: 8/8
  4543 | D:6      | HP: 1/70 [orc warrior/cursed +0 mace (10)]
  4973 | D:6      | Reached skill level 8 in Short Blades
  4973 | D:6      | Reached skill level 1 in Dodging
  5311 | D:6      | Found a sparkling altar of Nemelex Xobeh.
  5317 | D:6      | Reached skill level 1 in Stealth
  5464 | D:6      | Reached skill level 5 in Armour
  5637 | D:6      | Reached XP level 9. HP: 78/78 MP: 9/9
  5669 | D:6      | Found a broken altar of Ashenzari.
  5885 | D:7      | Reached skill level 5 in Fighting
  5949 | D:7      | Slain by an orc warrior

Illustrated notes

Levels and vault maps discovered:
D:1:      lightli_iron_boxes, layout_basic
D:2:      layout_loops_ring, lemuel_round_altar, minmay_heptomino_o4
D:3:      layout_rooms, old_standard_altar, serial_forest,
          infiniplex_forest_lined_corner, infiniplex_forest_end_1,
          infiniplex_forest_clump_diagonal, infiniplex_forest_lined_room_2,
          infiniplex_forest_lined_corner, chequers_ecumenical_altar_twisty,
          grunt_gozag_breadcrumbs
D:4:      layout_basic, minmay_temple_entry_junction, serial_shops, shop,
          ashenzari_altar_1, uniq_grinder
D:5:      layout_loops_ring, minmay_circle_x, uniq_prince_ribbit1
D:6:      layout_basic, marbit_many_paths, nemelex_xobeh_ov_fountains_minmay,
          uniq_pikel
D:7:      layout_rooms, lemuel_round_altar, basic_altar

Skill      XL: |  1  2  3  4  5  6  7  8  9 |
---------------+----------------------------+-----
Short Blades   | 3 4 6 7 8 |  8.0
Armour         | 3 4 5 |  5.0
Shields        | 3 4 |  4.8
Fighting       | 4 5 |  5.0
Dodging        | 1 |  1.0
Stealth        | 1 |  1.6
Throwing       | |  0.2

Action                   |  1- 3 |  4- 6 |  7- 9 || total
-------------------------+-------+-------+-------++-------
Melee: Rapier            |   107 |   277 |   242 ||   626
       Tailslap          |     5 |    35 |    35 ||    75
       Dagger            |       |       |     1 ||     1
Throw: Stone             |       |     8 |     2 ||    10
  Use: Potion            |       |     2 |     5 ||     7
       Scroll            |       |     5 |     2 ||     7
Armor: Scale mail        |    61 |    58 |     7 ||   126
       Skin              |       |     4 |     1 ||     5
       Ice dragon scales |       |       |    77 ||    77
Dodge: Dodged            |    24 |    46 |    70 ||   140
Block: Kite shield       |    60 |    73 |   109 ||   242

Table legend: (Time is in decaauts)
 A = Elapsed time spent in this place.
 B = Non-inter-level travel time spent in this place.
 C = Inter-level travel time spent in this place.
 D = Time resting spent in this place.
 E = Time spent auto-exploring this place.
 F = Levels seen in this place.
 G = Mean time per level.
                   A        B        C        D        E       F      G
               +--------+--------+--------+--------+--------+-----+--------+
         Total |   5953 |   5799 |    154 |    297 |   4415 |   7 |  850.4 |
       Dungeon |   5953 |   5799 |    154 |    297 |   4415 |   7 |  850.4 |
               +--------+--------+--------+--------+--------+-----+--------+

Top non-repeatable levels by time:
     D:6: 1541 daAuts
     D:1: 1074 daAuts
     D:2: 1057 daAuts
     D:4: 775 daAuts
     D:5: 762 daAuts
     D:3: 668 daAuts
     D:7: 71 daAuts
